 Dungeon Crawl Stone Soup version 0.23.2-40-g277498a001 (webtiles) character file.

Game seed: 16822609464669820381

23220 Hylith the Blocker (level 13, -1/114 HPs)
             Began as a Ghoul Fighter on Sept 24, 2019.
             Was a High Priest of Makhleb.
             Slain by a porcupine (5 damage)
             ... on level 3 of the Lair of Beasts.
             The game lasted 00:40:47 (14692 turns).

Hylith the Blocker (Ghoul Fighter)                 Turns: 14692, Time: 00:40:48

Health: -1/114     AC: 30    Str: 30    XL:     13   Next: 5%
Magic:  15/15      EV: 10    Int:  3    God:    Makhleb [*****.]
Gold:   901        SH: 17    Dex:  8    Spells: 12/12 levels left

rFire    + . .     SeeInvis +   h - +3 scimitar (flame)
rCold    + . .     Gourm    .   c - +0 shield
rNeg     + + +     Faith    .   p - +13 shadow dragon scales "Ofoguaf" {SInv Stlth++++}
rPois    ∞         Spirit   .   M - +0 helmet
rElec    .         Reflect  +   L - +1 cloak of Hiog Guh {rF+}
rCorr    .         Harm     .   (no gloves)
MR       .....                  (no boots)
Stlth    ++........             S - +4 amulet of reflection
HPRegen  0.00/turn              P - +5 ring of strength
MPRegen  0.14/turn              B - +2 ring of evasion

@: rotting, studying Fighting
A: rotting body, claws 1, carnivore, cold resistance 1, negative energy
resistance 3, inhibited regeneration, torment resistance, unbreathing
a: Minor Destruction, Lesser Servant of Makhleb, Major Destruction, Greater
Servant of Makhleb, Renounce Religion


You were on level 3 of the Lair of Beasts.
You worshipped Makhleb.
Makhleb was extremely pleased with you.
You were not hungry.

You visited 3 branches of the dungeon, and saw 15 of its levels.
You also visited: Ossuary and Gauntlet.

You collected 1036 gold pieces.
You spent 135 gold pieces at shops.

Inventory:

Hand Weapons
 a - a +1 war axe
 h - a +3 scimitar of flaming (weapon)
Missiles
 s - 12 tomahawks (quivered)
 Q - 14 javelins
 R - a throwing net
Armour
 b - a +2 cloak
 c - a +0 shield (worn)
 g - the +4 scale mail of Awe {rCorr Str+6 Int+2 Dex+2}
   (You found it on level 6 of the Dungeon)

   It affects your strength (+6).
   It affects your intelligence (+2).
   It affects your dexterity (+2).
   It provides partial protection from all sources of acid and corrosion.
 p - the +13 shadow dragon scales "Ofoguaf" (worn) {SInv Stlth++++}
   (You found it in a Gauntlet)

   It lets you see invisible.
   It makes you much more stealthy.
 H - a scarf of repulsion
 L - the +1 cloak of Hiog Guh (worn) {rF+}
   (You found it in a Gauntlet)

   It protects you from fire.
 M - a +0 helmet (worn)
Jewellery
 l - an uncursed amulet of the acrobat
 t - an uncursed ring of magical power
 y - an uncursed ring of resist corrosion
 B - a +2 ring of evasion (right claw)
 P - a +5 ring of strength (left claw)
 S - a +4 amulet of reflection (around neck)
Wands
 w - a wand of acid (6)
 x - a wand of paralysis (10)
 A - a wand of flame (24)
 J - a wand of digging (15)
 K - a wand of iceblast (17)
 O - a wand of random effects (19)
Scrolls
 e - 2 scrolls of identify
 m - 4 scrolls of teleportation
 n - 8 scrolls of remove curse
 o - 2 scrolls of fear
 q - 4 scrolls of fog
 r - a scroll of amnesia
 u - 5 scrolls of enchant weapon
 F - a scroll of magic mapping
 I - a scroll of blinking
 N - a scroll of noise {unknown}
Potions
 d - 3 potions of might
 j - 2 potions of brilliance
 k - 10 potions of curing
 v - a potion of haste
 z - 2 potions of resistance
 C - 4 potions of cancellation
 E - a potion of flight
 G - a potion of ambrosia
Books
 D - a manual of Fighting
Miscellaneous
 i - a sack of spiders
Comestibles
 f - 24 rations
 T - 25 chunks of flesh


   Skills:
 + Level 10.6 Fighting
 * Level 11.3 Axes
 + Level 8.4 Armour
 * Level 11.4 Shields
 - Level 4.0 Evocations


You had 12 spell levels left.
You didn't know any spells.
Your spell library contained the following spells:

 Spells                   Type           Power        Failure   Level  Hunger
 Animate Skeleton         Necr           N/A          99%         1    ##.....
 Apportation              Tloc           #.....       99%         1    ##.....
 Confusing Touch          Hex            #.....       99%         1    ##.....
 Freeze                   Ice            #...         99%         1    ##.....
 Infusion                 Chrm           #...         99%         1    ##.....
 Summon Small Mammal      Summ           #...         99%         1    ##.....
 Poisonous Vapours        Pois/Air       #.....       99%         2    ###....
 Shroud of Golubria       Chrm/Tloc      #.........   99%         2    ###....
 Swiftness                Chrm/Air       #.......     99%         2    ###....
 Throw Frost              Conj/Ice       #.....       99%         2    ###....
 Conjure Flame            Conj/Fire      #.......     100%        3    ####...
 Mephitic Cloud           Conj/Pois/Air  #.......     100%        3    ####...
 Ozocubu's Armour         Chrm/Ice       #.......     100%        3    ####...
 Summon Ice Beast         Ice/Summ       #.......     100%        4    #####..
 Throw Icicle             Conj/Ice       #.......     100%        4    #####..
 Agony                    Necr           #.......     100%        5    ######.
 Excruciating Wounds      Chrm/Necr      #.........   100%        5    ######.
 Irradiate                Conj/Tmut      #.........   100%        5    ######.
 Iskenderun's Battlesphe  Conj/Chrm      #.......     100%        5    ######.
 Death Channel            Necr           #.........   100%        6    #######
 Deflect Missiles         Chrm/Air       #.........   100%        6    #######
 Freezing Cloud           Conj/Ice/Air   #.........   100%        6    #######
 Ring of Flames           Chrm/Fire      #.........   100%        7    #######
 Sublimation of Blood     Necr           Unusable     N/A         2    N/A
 Hydra Form               Tmut           Unusable     N/A         6    N/A
 Statue Form              Tmut/Erth      Unusable     N/A         6    N/A
 Dragon Form              Tmut           Unusable     N/A         7    N/A

Dungeon Overview and Level Annotations

Branches:
Dungeon (11/15)            Temple (1/1) D:5            Lair (3/6) D:11
 Spider (0/4) Lair:2          Orc (0/2) D:10
  Swamp: Lair:2-4    Shoals: Lair:2-4

Altars:
Elyvilon
Kikubaaqudgha
Makhleb
Nemelex Xobeh
Okawaru
Trog
Vehumet
The Shining One
Beogh

Shops:
D:7 *

Annotations:
Lair:1 3 runed translucent doors, grus's ghost, novice TrBe


Innate Abilities, Weirdness & Mutations

Your body is rotting away.
You thrive on raw meat.
You are immune to poison.
You have sharp fingernails.
You are carnivorous and can eat meat at any time.
Your flesh is cold resistant. (rC+)
You are immune to negative energy. (rN+++)
You do not regenerate when monsters are visible.
You are immune to unholy pain and torment.
You can survive without breathing.


Message History

The seven-headed hydra bites you but does no damage. x3
The seven-headed hydra completely misses you.
The porcupine bites you but does no damage.
The basilisk bites you but does no damage.
The seven-headed hydra bites you.
* * * LOW HITPOINT WARNING * * *
The seven-headed hydra bites you but does no damage. x2
The seven-headed hydra bites you. x2
* * * LOW HITPOINT WARNING * * *
The seven-headed hydra bites you but does no damage. x2
You turn to flesh and can move again.
You block the porcupine's attack. You block the basilisk's attack.
The seven-headed hydra bites you but does no damage. x2
You block the seven-headed hydra's attack.
The seven-headed hydra bites you but does no damage.
You block the seven-headed hydra's attack. x2
The seven-headed hydra misses you. The porcupine closely misses you.
The porcupine closely misses you. The porcupine bites you.
You die...

≈≈≈≈≈≈≈≈≈≈≈.###
≈≈≈≈≈≈≈≈≈≈(## ≈≈≈≈≈≈≈≈≈.##
### ≈≈≈≈≈#P.# #.# #≈≈≈
#..# #.. ≈##≈###.### ###
#.. ##......# #.## #..
#.......######.P# ##.D
##.......@l#....## #...
#.#.<..#..r......######...
###....###P.......#..####.
#......#######.......##..
.........# ####........
.####....## ##.#..... ..
#..#P# #####.#. . ...###
###. #.## ##


You could see a basilisk and a porcupine.

Vanquished Creatures
  Erica (D:10)
  2 thrashing horrors (Gauntlet)
  An unseen horror (D:10)
  An orb spider (Lair:2)
  An ugly thing (D:11)
  3 elephants (Lair:3)
  A rust devil (Gauntlet)
  2 spiny frogs
  A centaur skeleton (D:11)
  2 komodo dragons
  An ice devil (Gauntlet)
  A merfolk (D:10)
  2 hornets
  9 blink frogs
  4 hippogriffs
  A ynoxinul (Gauntlet)
  2 wyverns (D:11)
  Sigmund (D:6)
  A wraith (D:10)
  29 yaks
  2 hungry ghosts
  2 small abominations (Gauntlet)
  3 basilisks
  A steam dragon (D:11)
  Edmund (D:6)
  4 water moccasins
  3 porcupines
  Duvessa (D:6)
  A phantom (D:10)
  3 ice beasts
  5 orc warriors
  2 sky beasts
  2 black bears
  7 ogres
  6 wolves (Lair:2)
  8 centaurs
  5 crocodiles
  4 big kobolds
  4 bullfrogs
  A gnoll sergeant (D:6)
  Dowan (D:6)
  13 killer bees
  5 wights (D:8)
  2 howler monkeys
  2 crimson imps
  3 centaur zombies (Ossuary)
  4 hounds
  4 orc priests
  2 jellies
  8 orc wizards
  2 iguanas
  4 iron imps (Gauntlet)
  4 worker ants
  2 killer bee zombies
  2 ogre zombies (Ossuary)
  A howler monkey zombie (D:7)
  7 mummies (Ossuary)
  4 worker ant zombies
  3 gnolls (D:6)
  15 adders
  2 shadow imps
  4 white imps (Gauntlet)
  6 oozes
  5 adder zombies
  4 worms
  A dart slug (D:5)
  10 leopard geckos
  55 orcs
  2 ball pythons
  8 giant cockroaches
  7 goblins
  10 hobgoblins
  9 jackals
  27 kobolds
  4 quokkas
  A ball python zombie (D:5)
  10 bats
  4 frilled lizards
  7 goblin zombies (Ossuary)
  4 hobgoblin zombies (Ossuary)
  A jackal skeleton (D:6)
  4 kobold zombies (Ossuary)
  2 leopard gecko skeletons
  A quokka skeleton (D:8)
  4 quokka zombies (Ossuary)
  9 rats
  2 rat zombies (Ossuary)
  A butterfly (Lair:1)
423 creatures vanquished.

Vanquished Creatures (others)
  A minotaur (Gauntlet)
  A leopard gecko skeleton (D:6)
  3 plants (Lair:3)
5 creatures vanquished.

Grand Total: 428 creatures vanquished

Notes
Turn   | Place    | Note
-------+----------+-------------------------------------------
     0 | D:1      | Hylith the Ghoul Fighter began the quest for the Orb.
     0 | D:1      | Reached XP level 1. HP: 19/19 MP: 0/0
    61 | D:1      | Reached XP level 2. HP: 13/26 MP: 1/1
   410 | D:1      | Reached XP level 3. HP: 28/31 MP: 2/2
  1683 | D:2      | Reached XP level 4. HP: 32/40 MP: 3/3
  2241 | D:2      | Reached XP level 5. HP: 39/46 MP: 4/4
  2602 | D:3      | Found a faded altar of an unknown god.
  2766 | D:3      | Reached XP level 6. HP: 34/50 MP: 5/5
  3602 | D:4      | HP: 2/53 [ogre/+0 giant club (14)]
  3616 | D:4      | Reached XP level 7. HP: 3/60 MP: 6/6
  3931 | D:5      | Entered Level 5 of the Dungeon
  4183 | D:5      | Found a glowing golden altar of the Shining One.
  4394 | D:5      | Reached skill level 5 in Shields
  4400 | D:5      | Found a sparkling altar of Nemelex Xobeh.
  4434 | D:5      | Found a staircase to the Ecumenical Temple.
  4445 | D:5      | Reached skill level 5 in Fighting
  4452 | Temple   | Entered the Ecumenical Temple
  4459 | Temple   | Became a worshipper of Makhleb the Destroyer
  4655 | D:5      | Reached XP level 8. HP: 32/67 MP: 7/7
  4915 | D:6      | Reached skill level 5 in Axes
  4982 | D:6      | Got a pearl-encrusted scale mail
  4993 | D:6      | Identified the +4 scale mail of Awe {rCorr Str+6 Int+2
                  | Dex+2} (You found it on level 6 of the Dungeon)
  5066 | D:6      | Noticed Sigmund
  5069 | D:6      | Noticed Edmund
  5123 | D:6      | Killed Sigmund
  5128 | D:6      | Killed Edmund
  5329 | D:6      | Noticed Duvessa
  5329 | D:6      | Noticed Dowan
  5344 | D:6      | Killed Duvessa
  5344 | D:6      | Killed Dowan
  5450 | D:6      | Reached XP level 9. HP: 61/75 MP: 8/8
  5540 | D:6      | Reached * piety under Makhleb
  5540 | D:6      | Reached skill level 5 in Armour
  5819 | D:6      | Found a radiant altar of Vehumet.
  6482 | D:7      | Found Joebuh's Assorted Antiques.
  6488 | D:7      | Bought a twisted iron ring for 135 gold pieces
  6722 | D:7      | Reached ** piety under Makhleb
  6722 | D:7      | Reached skill level 1 in Evocations
  7237 | D:8      | Got a steaming falchion
  7264 | D:8      | Identified the +6 falchion "Vewkup" {freeze, rF- Dex+7}
                  | (You found it on level 8 of the Dungeon)
  7340 | D:8      | Found a sand-covered staircase.
  7357 | Ossuary  | Entered an ossuary
  7573 | Ossuary  | Reached *** piety under Makhleb
  7920 | D:8      | Found a roughly hewn altar of Beogh.
  7989 | D:8      | Reached XP level 10. HP: 84/84 MP: 10/10
  8247 | D:9      | Reached **** piety under Makhleb
  8603 | D:9      | Found a white marble altar of Elyvilon.
  8605 | D:9      | Found a bloodstained altar of Trog.
  8607 | D:9      | Found an ancient bone altar of Kikubaaqudgha.
  9052 | D:10     | Entered Level 10 of the Dungeon
  9180 | D:10     | Noticed Erica
  9221 | D:10     | Killed Erica
  9563 | D:10     | Reached XP level 11. HP: 16/94 MP: 12/12
  9841 | D:10     | Reached ***** piety under Makhleb
 10165 | D:10     | Found a staircase to the Orcish Mines.
 10287 | D:10     | Killed an unseen horror
 10989 | D:11     | Found a staircase to the Lair.
 11135 | D:11     | Noticed a green ugly thing
 11155 | D:11     | Killed a green ugly thing
 11622 | Lair:1   | Entered Level 1 of the Lair of Beasts
 11638 | Lair:1   | Found an iron altar of Okawaru.
 11743 | Lair:1   | Found a runed translucent gate.
 11743 | Lair:1   | Found a runed translucent gate.
 11743 | Lair:1   | Found a runed translucent gate.
 11743 | Lair:1   | Noticed grus's ghost (novice TrBe)
 11926 | Lair:1   | Reached skill level 10 in Shields
 12568 | Lair:2   | Reached skill level 10 in Axes
 12568 | Lair:2   | Reached XP level 12. HP: 79/102 MP: 14/14
 12689 | Lair:2   | Found a gate leading to a gauntlet.
 12698 | Gauntlet | Entered a Gauntlet
 12698 | Gauntlet | Found a transporter.
 12698 | Gauntlet | Found a transporter.
 12711 | Gauntlet | Found a transporter.
 12715 | Gauntlet | Found a transporter.
 12726 | Gauntlet | Found a transporter.
 12731 | Gauntlet | Found a transporter.
 12739 | Gauntlet | Found a transporter.
 12754 | Gauntlet | Found a runed translucent door.
 12755 | Gauntlet | Found a transporter.
 12756 | Gauntlet | Found a runed translucent door.
 12759 | Gauntlet | Noticed a thrashing horror
 12759 | Gauntlet | Noticed a thrashing horror
 12761 | Gauntlet | Found a transporter.
 12781 | Gauntlet | Found a transporter.
 12792 | Gauntlet | Found a transporter.
 12793 | Gauntlet | Found a transporter.
 12977 | Gauntlet | Killed a thrashing horror
 12978 | Gauntlet | Killed a thrashing horror
 13280 | Gauntlet | Identified the +13 shadow dragon scales "Ofoguaf" {SInv
                  | Stlth++++}
 13280 | Gauntlet | Noticed a minotaur
 13328 | Gauntlet | Killed a minotaur
 13339 | Gauntlet | Identified the Handbook of the Tick
 13341 | Gauntlet | Got a translucent cloak
 13343 | Gauntlet | Identified Sif Muna's Almanac of Self-Knowledge
 13367 | Gauntlet | Identified the +1 cloak of Hiog Guh {rF+} (You found it in
                  | a Gauntlet)
 14191 | Lair:2   | Found a hole to the Spider Nest.
 14286 | Lair:2   | Reached skill level 10 in Fighting
 14608 | Lair:3   | Reached XP level 13. HP: 114/114 MP: 15/15
 14689 | Lair:3   | HP: 4/114 [seven-headed hydra (2)]
 14692 | Lair:3   | Slain by a porcupine

Skill      XL: |  1  2  3  4  5  6  7  8  9 10 11 12 |
---------------+-------------------------------------+-----
Axes           | 2 3 4 6 7 8 10 11 | 11.3
Shields        | 3 4 5 6 7 8 10 11 | 11.4
Armour         | 3 4 5 6 7 8 |  8.4
Fighting       | 4 5 6 7 8 10 | 10.6
Evocations     | 2 3 4 |  4.0

Action                   |  1- 3 |  4- 6 |  7- 9 | 10-12 | 13-15 || total
-------------------------+-------+-------+-------+-------+-------++-------
Melee: War axe           |   189 |   162 |   465 |   853 |    24 ||  1693
       Scimitar          |       |       |       |       |     5 ||     5
Throw: Tomahawk          |       |       |       |    12 |       ||    12
       Javelin           |       |       |       |     2 |       ||     2
Evoke: Wand              |       |       |     3 |    19 |       ||    22
  Use: Scroll            |       |       |    14 |    17 |     1 ||    32
       Potion            |       |       |       |    10 |       ||    10
  Eat: Chunk             |     8 |     5 |    15 |    25 |       ||    53
Armor: Scale mail        |   120 |    74 |   138 |   281 |       ||   613
       Shadow dragon sca |       |       |       |    57 |    94 ||   151
Dodge: Dodged            |    62 |    60 |   149 |   310 |    29 ||   610
       Deflected         |       |       |       |     1 |       ||     1
Block: Shield            |   111 |    95 |   269 |   679 |    39 ||  1193
       Reflection        |       |       |       |     6 |       ||     6
       Rpst.: Scimitar   |       |       |       |       |     3 ||     3
